 Dungeon Crawl Stone Soup version 0.28.0 (webtiles) character file.

Game seed: 2126604170350050337

144 hikkokomori the Firebug (level 5, -3/29 HPs)
             Began as a Gargoyle Fire Elementalist on Feb 14, 2022.
             Slain by Crazy Yiuf (7 damage)
             ... on level 3 of the Dungeon.
             The game lasted 00:05:37 (4828 turns).

hikkokomori the Firebug (GrFE)                      Turns: 4828, Time: 00:05:38

Health: -3/29      AC:  6    Str: 14    XL:     5   Next: 27%
Magic:  8/9        EV: 12    Int: 15    God:
Gold:   114        SH:  0    Dex: 10    Spells: 8/9 levels left

rFire   . . .      SeeInvis .   l - +0 flail
rCold   . . .      Faith    .   (no shield)
rNeg    + . .      Spirit   .   a - +0 robe
rPois   ∞          Reflect  .   (no helmet)
rElec   +          Harm     .   (no cloak)
rCorr   .          Rampage  .   (no gloves)
Will    .....                   (no boots)
Stlth   ++........              (no amulet)
HPRegen 0.09/turn               (no ring)
MPRegen 0.11/turn               (no ring)

@: no status effects
A: sickness immunity, AC +4, negative energy resistance 1, electricity
resistance, torment resistance 1, petrification resistance
a: no special abilities


You were on level 3 of the Dungeon.
You visited 1 branch of the dungeon, and saw 3 of its levels.

You collected 142 gold pieces.
You spent 28 gold pieces at shops.

Inventory:

Hand Weapons
 l - a +0 flail (weapon)
Armour
 a - a +0 robe (worn)
Wands
 k - a wand of polymorph (8)
Scrolls
 b - 6 scrolls of teleportation {unknown}
 g - 4 scrolls of noise {unknown}
 i - a scroll of enchant armour {unknown}
 m - a scroll of torment {unknown}
Potions
 c - 2 potions of magic
 d - 2 potions of curing {unknown}
 e - a potion of might {unknown}
 f - 2 potions of attraction
 h - 2 potions of degeneration {unknown}
 j - a potion of invisibility {unknown}
 n - a potion of berserk rage {unknown}


   Skills:
 + Level 1.0 Fighting
 + Level 2.3 Dodging
 + Level 3.2 Stealth
 + Level 2.6 Spellcasting
 + Level 2.4 Conjurations
 + Level 3.6 Fire Magic


You had 8 spell levels left.
You knew the following spells:

 Your Spells              Type           Power      Damage    Failure   Level
a - Foxfire               Conj/Fire      44%        2x1d6     6%          1

Your spell library contained the following spells:

 Spells                   Type           Power      Damage    Failure   Level
 Scorch                   Fire           26%        2d6       7%          2
 Conjure Flame            Conj/Fire      11%        6-21      19%         3
 Freeze                   Ice            8%         1d3       21%         1
 Summon Small Mammal      Summ           8%         N/A       21%         1
 Inner Flame              Hex/Fire       7%         N/A       28%         3
 Call Canine Familiar     Summ           2%         N/A       52%         3
 Summon Guardian Golem    Hex/Summ       2%         N/A       52%         3
 Flame Wave               Conj/Fire      11%        2d5       52%         4
 Summon Cactus Giant      Summ           1%         N/A       100%        6


Dungeon Overview and Level Annotations

Branches:
Dungeon (3/15)

Altars:
Xom

Shops:
D:2 ((**

Annotations:
D:3 Crazy Yiuf


Innate Abilities, Weirdness & Mutations

You are immune to sickness and miasma.
Your stone body is resilient. (AC +4)
You are immune to poison.
You resist negative energy. (rN+)
You are resistant to electric shocks. (rElec)
You are resistant to unholy torment.
You are immune to petrification.


Message History

As you open the door, it creaks loudly!
Crazy Yiuf shouts!
Crazy Yiuf waves his quarterstaff at you.
There is an open translucent door here.
You sock Crazy Yiuf!
Crazy Yiuf is heavily wounded.
Crazy Yiuf hits you with a +4 quarterstaff of chaos!
Crazy Yiuf burns you.
You hit Crazy Yiuf.
Crazy Yiuf is heavily wounded.
Crazy Yiuf hits you with a +4 quarterstaff of chaos!
Crazy Yiuf freezes you.
You hit Crazy Yiuf but do no damage.
Crazy Yiuf is heavily wounded.
Crazy Yiuf hits you with a +4 quarterstaff of chaos.
You feel your power leaking away.
Crazy Yiuf says, "Castle!
Defame bush arm."
Crazy Yiuf hits you with a +4 quarterstaff of chaos.
* * * LOW HITPOINT WARNING * * *
Okay, then.
Okay, then.
Crazy Yiuf laughs, "Seed!"
Crazy Yiuf glowers.
Crazy Yiuf cries, "Castle verde cloud!"
Casting: Foxfire (safe; 6% risk of failure)
Confirm with . or Enter, or press ? or * to list all spells.
You conjure some foxfire!
Crazy Yiuf says, "Proton!
Cards poople high."
Crazy Yiuf hits you with a +4 quarterstaff of chaos.
* * * LOW HITPOINT WARNING * * *
Crazy Yiuf freezes you.
* * * LOW HITPOINT WARNING * * *
The foxfire hits Crazy Yiuf.
Crazy Yiuf is severely wounded.
The foxfire hits Crazy Yiuf.
Crazy Yiuf is severely wounded.
You hit Crazy Yiuf.
Crazy Yiuf is almost dead.
Crazy Yiuf says, "Island cower down!"
Crazy Yiuf hits you with a +4 quarterstaff of chaos!
You die...

#####
##@§.#####
#.g......#
#....###.#
##..## #.#
♣PP.P♣ #.#
♣♣...♣ #.#
♣♣.♣♣ #.#
♣♣.♣
#.##########
♣.♣♣
#[.......#..


You could see Crazy Yiuf.

Vanquished Creatures
  An orc wizard (D:3)
  4 adders (D:2)
  2 worms (D:2)
  3 dart slugs
  5 orcs
  10 bats
  4 endoplasms
  2 giant cockroaches
  4 goblins
  9 hobgoblins
  4 jackals (D:1)
  3 quokkas
  3 ball pythons
  A frilled lizard (D:1)
  5 kobolds
  5 rats
65 creatures vanquished.

Vanquished Creatures (others)
  53 foxfires
53 creatures vanquished.

Grand Total: 118 creatures vanquished

Notes
Turn   | Place    | Note
-------+----------+-------------------------------------------
     0 | D:1      | hikkokomori the Gargoyle Fire Elementalist began the quest
                  | for the Orb.
     0 | D:1      | Reached XP level 1. HP: 10/10 MP: 3/3
   125 | D:1      | Reached XP level 2. HP: 11/15 MP: 5/5
  1150 | D:1      | Reached XP level 3. HP: 19/19 MP: 6/6
  1220 | D:1      | Found a faded altar of an unknown god.
  1285 | D:1      | Got Plato's Reference Book on Snow
  2198 | D:2      | Found Ruxibadgh's Weapon Shop.
  2314 | D:2      | Found Xefyul's Weapon Emporium.
  2314 | D:2      | Found Deocoec's General Store.
  2370 | D:2      | Bought a scroll of identify for 28 gold pieces
  2636 | D:2      | Reached XP level 4. HP: 23/24 MP: 7/7
  3149 | D:2      | Found Tigam's Assorted Antiques.
  3940 | D:3      | Reached skill level 1 in Fighting
  3940 | D:3      | Reached XP level 5. HP: 16/29 MP: 0/8
  4585 | D:3      | Found a shimmering altar of Xom.
  4711 | D:3      | Found a runed translucent door.
  4712 | D:3      | Noticed Crazy Yiuf
  4828 | D:3      | Slain by Crazy Yiuf

Illustrated notes

Levels and vault maps discovered:
D:1:      dpeg_arrival_erosion, layout_basic,
          shapermc_ecumenical_altar_rom_forum, chequers_serial_rivers_room_a
D:2:      layout_basic, serial_shops, nicolae_shop_bloodbath_and_beyond,
          nicolae_shop_hallway_stairs,
          nicolae_shop_temple_entry_statues_fountains, nicolae_shop_waterfront
D:3:      layout_rooms, tgw_xom, uniq_crazy_yiuf_cottage

Skill      XL: |  1  2  3  4 |
---------------+-------------+-----
Dodging        | 2 |  2.3
Conjurations   | 2 |  2.4
Stealth        | 3 |  3.2
Fighting       | 1 |  1.0
Spellcasting   | |  2.6
Fire Magic     | |  3.6

Action                   |  1- 3 |  4- 6 || total
-------------------------+-------+-------++-------
Melee: Unarmed           |    38 |       ||    38
       Short sword       |   105 |    31 ||   136
       Punch             |     1 |     1 ||     2
       Flail             |       |    59 ||    59
 Cast: Foxfire           |    10 |    22 ||    32
  Use: Scroll            |     2 |       ||     2
 Stab: Sleeping          |     7 |     2 ||     9
Armor: Robe              |    46 |    43 ||    89
Dodge: Dodged            |    98 |    82 ||   180
